 Dungeon Crawl Stone Soup version 0.29-a0-998-g1987434951 (webtiles) character file.

Game seed: 3094733504868434598

141 kae the Firebug (level 5, -3/29 HPs)
             Began as a Deep Elf Fire Elementalist on Aug 5, 2022.
             Engulfed by a cloud of steam (12 damage)
             ... on level 3 of the Dungeon.
             The game lasted 00:02:37 (2705 turns).

kae the Firebug (Deep Elf Fire Elementalist)        Turns: 2705, Time: 00:02:37

Health: -3/29      AC:  2    Str:  5    XL:     5   Next: 3%
Magic:  6/12       EV: 13    Int: 22    God:
Gold:   177        SH:  0    Dex: 15    Spells: 5/11 levels left

rFire   . . .      SeeInvis .   i - +1 dagger (speed)
rCold   . . .      Faith    .   (no shield)
rNeg    . . .      Spirit   .   a - +0 robe
rPois   .          Reflect  .   (no helmet)
rElec   .          Harm     .   (no cloak)
rCorr   .          Rampage  .   (no gloves)
Will    .....                   (no boots)
Stlth   +.........              (no amulet)
HPRegen 0.09/turn               (no ring)
MPRegen 0.13/turn               (no ring)

@: lethally poisoned (-3 -> -4), very slow
A: no striking features
a: no special abilities


You were on level 3 of the Dungeon.
You visited 1 branch of the dungeon, and saw 3 of its levels.

You collected 177 gold pieces.


   Skills:
 + Level 1.3 Fighting
 + Level 3.0 Dodging
 - Level 2.4 Stealth
 + Level 3.7 Spellcasting
 * Level 3.0 Conjurations
 * Level 4.3 Fire Magic


You had 5 spell levels left.
You knew the following spells:

 Your Spells              Type           Power      Damage    Failure   Level
a - Foxfire               Conj/Fire      80%        2x1d8     2%          1
b - Scorch                Fire           46%        2d7       3%          2
c - Conjure Flame         Conj/Fire      20%        6-21      8%          3

Your spell library contained the following spells:

 Spells                   Type           Power      Damage    Failure   Level
 Inner Flame              Hex/Fire       13%        N/A       14%         3
 Sublimation of Blood     Necr           4%         N/A       17%         2
 Wereblood                Tmut           4%         N/A       17%         2
 Flame Wave               Conj/Fire      20%        2d7       26%         4
 Summon Hydra             Summ           2%         N/A       100%        7

Inventory:

Hand Weapons
 g - a +0 short sword
   (You took it off a kobold on level 1 of the Dungeon)
 i - a +1 dagger of speed (weapon)
   (You took it off a kobold on level 1 of the Dungeon)
Missiles
 f - 20 stones
Armour
 a - a +0 robe (worn)
Scrolls
 m - a scroll of enchant armour
Potions
 b - 2 potions of magic
 c - a potion of heal wounds {@q2}
 d - a potion of attraction {!q}
 j - a potion of invisibility {unknown}
 n - 2 potions of curing {@q1}

Dungeon Overview and Level Annotations

Branches:
Dungeon (3/15) Zot: 15290

Altars:

#>..#.#...#)####$#
##.....##..#.# #.#
..........#.# #.#
#...#.#...#.# #.#
#.>.#.......### .#
#####..##>....#...##.##..
#..............โ€
........?
#....############.##.##.
#....#~v@# #....#
#...~#~#v# ######
##..~#~#r# #.~~~~#ยงw
#..โ€ #~#~## #..~~~#~~
#...#~### #..~~~# #...~~#


You could see a worm and a rat (ally target).


Message History

๐Ÿ˜Ž MP[-1]
You lost 1 mp, and now have 9/11 mp.
You see here a hobgoblin corpse. ๐Ÿ˜Ž MP[+1]
You see here a hobgoblin corpse.
Found a stone staircase leading down.
Found a stone staircase leading down. ๐Ÿ˜Ž MP[+1]
Your mp is fully restored (11).
An adder comes into view.
An adder comes into view.
Casting: Foxfire (safe; 3% risk of failure)
Confirm with . or Enter, or press ? or * to list all spells.
You conjure some foxfire!
The foxfire hits the adder.
The adder is engulfed in a cloud of scalding steam.
The foxfire hits the adder. ๐Ÿ˜Ž MP[-1]
You lost 1 mp, and now have 10/11 mp.
Casting: Foxfire (safe; 3% risk of failure)
Confirm with . or Enter, or press ? or * to list all spells.
You conjure some foxfire!
The adder misses you.
The adder hisses angrily.
The foxfire hits the adder.
You kill the adder!
An adder comes into view.
The foxfire hits the adder.
A rat comes into view.
The adder moves out of view. ๐Ÿ˜Ž MP[-1]
You lost 1 mp, and now have 9/11 mp.
Casting: Foxfire (safe; 2% risk of failure)
Confirm with . or Enter, or press ? or * to list all spells.
You conjure some foxfire!
The foxfire hits the adder.
You kill the adder!
The foxfire hits the adder.
The adder is engulfed in a cloud of scalding steam.
You kill the adder!
Your Dodging skill increases to level 3! ๐Ÿ˜Ž MP[-1]
You lost 1 mp, and now have 8/11 mp.
Casting: Foxfire (safe; 2% risk of failure)
Confirm with . or Enter, or press ? or * to list all spells.
You conjure some foxfire!
The foxfire hits the rat.
You kill the rat!
You enter the shallow water.
Moving in this stuff is going to be slow.
You enter the shallow water.
Moving in this stuff is going to be slow. ๐Ÿ˜Ž MP[+1]
You hear the brisk rusting of a drain very nearby.
An adder, a rat and a worm come into view.
The adder hisses angrily.
You hear an angry hiss.
An adder comes into view.
The adder bites you.
The adder barely misses you. ๐Ÿ˜• HP[-3]
You take 3 damage, and now have 22/25 hp.
The adder attacks as you move away! The adder barely misses you.
The adder bites you. ๐Ÿ˜• HP[-2]
You take 2 damage, and now have 20/25 hp.
Casting: Foxfire (safe; 2% risk of failure)
Confirm with . or Enter, or press ? or * to list all spells.
You conjure some foxfire!
The adder bites you.
You are poisoned.
The adder poisons you!
An adder comes into view.
The adder bites you.
You feel sick.
The foxfire hits the adder.
The adder is engulfed in a cloud of scalding steam.
The adder closely misses you. ๐Ÿ˜ฎ HP[-4]
You take 4 damage, and now have 16/25 hp.
Casting: Foxfire (safe; 2% risk of failure)
Confirm with . or Enter, or press ? or * to list all spells.
Flames lash the adder.
The adder's fire resistance burns away.
You feel sick.
The adder is engulfed in a cloud of scalding steam.
You kill the adder!
The adder is engulfed in a cloud of scalding steam.
You kill the adder!
The rat twitches its whiskers.
The adder is engulfed in a cloud of scalding steam.
Your Conjurations skill increases to level 3!
You are engulfed in a cloud of scalding steam.
* * * LOW HITPOINT WARNING * * *
You feel sick.
The adder is engulfed in a cloud of scalding steam. x2
You kill the adder!
You have reached level 5! ๐Ÿ˜จ HP[-7] MP[-2]
You now have 29 max hp (+4).
You take 7 damage, and now have 9/29 hp.
MASSIVE DAMAGE!! (PAUSE)
You lost 2 mp, and now have 7/12 mp.
Casting: Scorch (safe; 3% risk of failure)
Confirm with . or Enter, or press ? or * to list all spells.
You conjure some foxfire!
You are engulfed in a cloud of scalding steam.
You die...

Skill      XL: |  1  2  3  4 |
---------------+-------------+-----
Conjurations   | 2 3 |  3.0
Fighting       | 1 |  1.3
Fire Magic     | 4 |  4.3
Dodging        | 3 |  3.0
Stealth        | |  2.4
Spellcasting   | |  3.7

Action                   |  1- 3 |  4- 6 || total
-------------------------+-------+-------++-------
Melee: Short sword       |     5 |       ||     5
 Cast: Foxfire           |    61 |    20 ||    81
       Scorch            |     8 |     4 ||    12
  Use: Scroll            |     8 |     3 ||    11
Armor: Robe              |     4 |     1 ||     5
Dodge: Dodged            |     8 |     5 ||    13

Levels and vault maps discovered:
D:1:      roderic_lyre, layout_basic, hellmonk_ecumenical_altar_inner_sanctum,
          minmay_tall_x
D:2:      layout_basic
D:3:      layout_basic, lightli_sewer_entry_pipes, uniq_jessica

Notes
Turn   | Place    | Note
-------+----------+-------------------------------------------
     0 | D:1      | kae the Deep Elf Fire Elementalist began the quest for the
                  | Orb.
     0 | D:1      | Reached XP level 1. HP: 10/10 MP: 6/6
     0 | D:1      | magus.rc [v1.11.3]
   222 | D:1      | You pick up a book of Blood and begin reading...
   222 | D:1      | You add the spells Sublimation of Blood, Wereblood and
                  | Summon Hydra to your library.
   279 | D:1      | Reached XP level 2. HP: 15/15 MP: 6/8
   282 | D:1      | Learned a level 2 spell: Scorch
   565 | D:1      | You fall into a shaft and drop 1 floor!
   855 | D:1      | Reached skill level 2 in Conjurations
   947 | D:1      | Found a faded altar of an unknown god.
  1487 | D:2      | Reached XP level 3. HP: 20/20 MP: 4/9
  1491 | D:2      | Learned a level 3 spell: Conjure Flame
  1921 | D:2      | Reached skill level 1 in Fighting
  2050 | D:2      | Reached skill level 4 in Fire Magic
  2059 | D:2      | Reached XP level 4. HP: 21/25 MP: 6/11
  2688 | D:3      | Reached skill level 3 in Dodging
  2704 | D:3      | Reached skill level 3 in Conjurations
  2705 | D:3      | Reached XP level 5. HP: 9/29 MP: 7/12
  2705 | D:3      | Engulfed by a cloud of steam

Vanquished Creatures
  9 adders
  2 dart slugs (D:2)
  5 orcs (D:3)
  5 ball pythons
  6 bats
  4 endoplasms
  2 giant cockroaches (D:1)
  5 goblins
  4 hobgoblins
  6 kobolds (D:1)
  2 frilled lizards
  6 rats
56 creatures vanquished.

Vanquished Creatures (others)
  137 foxfires
137 creatures vanquished.

Grand Total: 193 creatures vanquished

Table legend:
 A = Non-vault XP
 B = Vault XP
 C = Vault XP percentage of total XP
 D = Non-vault monster count
 E = Vault monster count
 F = Vault count percentage of total count
                 A         B        C        D         E       F
            +---------+---------+-------+---------+---------+-------
      Total |     115 |      87 |  43.1 |      45 |      11 |  19.6
            +---------+---------+-------+---------+---------+-------
        D:1 |      28 |       7 |  20.0 |      20 |       4 |  16.7
        D:2 |      67 |       0 |   0.0 |      17 |       0 |   0.0
        D:3 |      20 |      80 |  80.0 |       8 |       7 |  46.7
            +---------+---------+-------+---------+---------+-------

Illustrated notes

Table legend:
 A = Kills in this place as a percentage of kills in entire the game.
 B = Kills by you in this place as a percentage of kills by you in the entire game.
 C = Kills by friends in this place as a percentage of kills by friends in the entire game.
 D = Other kills in this place as a percentage of other kills in the entire game.
 E = Experience gained in this place as a percentage of experience gained in the entire game.
 F = Experience gained in this place divided by the number of levels of this place that you have seen.
                   A       B       C       D       E      F
               +-------+-------+-------+-------+-------+----------------------
         Total | 100.0 | 100.0 |   N/A |   N/A | 100.0 |  67.3
       Dungeon | 100.0 | 100.0 |   N/A |   N/A | 100.0 |  67.3
               +-------+-------+-------+-------+-------+----------------------

Table legend: (Time is in decaauts)
 A = Elapsed time spent in this place.
 B = Non-inter-level travel time spent in this place.
 C = Inter-level travel time spent in this place.
 D = Time resting spent in this place.
 E = Time spent auto-exploring this place.
 F = Levels seen in this place.
 G = Mean time per level.
                   A        B        C        D        E       F      G
               +--------+--------+--------+--------+--------+-----+--------+
         Total |   2709 |   2628 |     81 |    150 |   2037 |   3 |  903.0 |
       Dungeon |   2709 |   2628 |     81 |    150 |   2037 |   3 |  903.0 |
               +--------+--------+--------+--------+--------+-----+--------+

Top non-repeatable levels by time:
     D:1: 1284 daAuts
     D:2: 1111 daAuts
     D:3: 314 daAuts
